[Event "Late-Titled-Tuesday-Blitz-April-23-2024"]
[Site "Chess.com"]
[Date "2024.04.23"]
[Round "1"]
[White "Romkachess"]
[Black "realburq"]
[Result "1-0"]
[WhiteElo "2671"]
[BlackElo "2363"]
[TimeControl "180+1"]
[EndTime "14:07:36 PDT"]
[Termination "Romkachess won by resignation"]

1. e4 e5 2. d4 exd4 3. Qxd4 Nc6 4. Qe3 g6 5. Nc3 Bg7 6. Bd2 d6 7. O-O-O Nge7 8. h4 h5 9. Nh3 Bxh3 10. Rxh3 Qd7 11. Bb5 O-O-O 12. Nd5 Kb8 13. Nxe7 Qxe7 14. Bxc6 bxc6 15. Qb3+ Ka8 16. Qa4 Rb8 17. Qxc6+ Rb7 18. Rb3 Rb8 19. Bg5 Qe8 20. Qxe8 Rxe8 21. Rxb7 Kxb7 22.
f3 Kc6 23. c3 a5 24. Kc2 a4 25. a3 Kb5 26. Rd5+ Ka6 27. c4 Rb8 28. Bc1 Rb3 29. c5 Rb5 30. cxd6 Rxd5 31. exd5 cxd6 32. Bf4 Bf8 33.
b3 Kb5 34. Be3 Be7 35. Bf2 Bf6 36. g3 Be5 37. g4 f5 38. gxh5 gxh5 39. Be1 Bf4 40.
Bb4 Be5 41. Bc3 Kc5 42. f4 axb3+ 43. Kxb3 Bxc3 44. Kxc3 Kxd5 45. Kd3 Kc5 46. a4 Kd5 47. a5 Kc5 48. Kc3 Kb5 49. Kd4 Kxa5 50. Kd5 Kb4 51. Kxd6 Kc4 52. Ke5 Kc5 53. Kxf5 Kd6 54. Kf6 1-0

[Event "Late-Titled-Tuesday-Blitz-April-23-2024"]
[Site "Chess.com"]
[Date "2024.04.23"]
[Round "1"]
[White "arenal72"]
[Black "rhwr"]
[Result "1-0"]
[WhiteElo "2626"]
[BlackElo "2288"]
[TimeControl "180+1"]
[EndTime "14:07:36 PDT"]
[Termination "arenal72 won by resignation"]

1. Nf3 c5 2. g3 d5 3. Bg2 Nc6 4. O-O Nf6 5. d3 g6 6. Nbd2 Bg7 7. e4 O-O 8. Qe2 dxe4 9. dxe4 Nd4 10. Nxd4 cxd4 11. e5 Nd5 12. Nb3 Nb6 13. Rd1 Qc7 14.
Bf4 e6 15. Rxd4 Bd7 16. Rad1 Bc6 17. c3 Bxg2 18. Kxg2 Nd5 19. Nd2 h6 20. h4 Rfd8 21.
Nf3 Nxf4+ 22. gxf4 Rxd4 23. Rxd4 Rd8 24. Rxd8+ Qxd8 25. Qd2 Qb6 26. b4 Qc6 27. Kg3 Bf8 28. Qd4 a6 29. Qd3 Qa4 30. Qd2 a5 31. bxa5 Qxa5 32. h5 gxh5 33. Nd4 Qa6 34. Qe2 Qxe2 35. Nxe2 Bc5 36. f3 Be3 37. Kh4 Kg7 38. Kxh5 Bf2 39.
Kg4 Kg6 40. a4 h5+ 41. Kh3 Kf5 42. c4 Be3 43. Kh4 Bxf4 44. Nxf4 Kxf4 45. Kxh5 Kxe5 46. Kg5 f6+ 47. Kg6 f5 48. c5 Kd5 49. Kf6 f4 50. Kg5 Kxc5 51. Kxf4 Kd4 52. a5 Kd5 53. Kg5 e5 54. Kf5 Kd4 55. Ke6 Ke3 56. Kxe5 Kxf3 57. Kd6 Ke4 58. Kc7 Kd5 59. Kxb7 Kc5 60. a6 Kb5 61. a7 1-0

[Event "Late-Titled-Tuesday-Blitz-April-23-2024"]
[Site "Chess.com"]
[Date "2024.04.23"]
[Round "1"]
[White "AktilekAskarovich"]
[Black "Mikhail_Bryakin"]
[Result "0-1"]
[WhiteElo "2485"]
[BlackElo "2822"]
[TimeControl "180+1"]
[EndTime "14:07:39 PDT"]
[Termination "Mikhail_Bryakin won by resignation"]

1. d4 Nf6 2. c4 c5 3. d5 d6 4.
Nc3 e5 5. e4 Na6 6. Nf3 Nc7 7. Be2 g6 8. O-O Bg7 9. a3 Nh5 10. b4 b6 11. Re1 O-O 12. Rb1 Ne8 13. bxc5 dxc5 14. a4 Nf4 15. a5 Nxe2+ 16. Qxe2 Nd6 17.
Qa2 Bd7 18. Nb5 Bxb5 19. cxb5 h6 20. Nd2 f5 21. f3 fxe4 22. Nxe4 Nf5 23. Be3 Kh7 24. d6 Qd7 25. Bf2 Nd4 26. Qd5 Rad8 27. Bxd4 exd4 28. Re2 Rc8 29. axb6 axb6 30. Qc4 Ra8 31. Ra2 Rxa2 32. Qxa2 Qf7 33. Qxf7 Rxf7 34. Nd2 Bf6 35. Nc4 Bd8 36. Ra1 Kg7 37. Ra8 Rd7 38. Kf1 Kf6 39. Ke2 Ke6 40. Kd3 Kd5 41. Ra6 h5 42. g3 g5 43. Ra8 h4 44. gxh4 gxh4 45. Ra2 Rf7 46. Nd2 c4+ 47. Nxc4 Rxf3+ 48. Ke2 Rh3 49. Nd2 Rxh2+ 50. Kd3 Rh3+ 51. Ke2 Kxd6 52. Ra8 Bc7 53. Nc4+ Kc5 54. Na3 Re3+ 55. Kd2 Bf4 56.
Kd1 h3 57. Nc2 Rd3+ 58. Ke1 h2 59. Rc8+ Kxb5 60. Rh8 Rd2 0-1

[Event "Late-Titled-Tuesday-Blitz-April-23-2024"]
[Site "Chess.com"]
[Date "2024.04.23"]
[Round "1"]
[White "dolynachess"]
[Black "crushernt"]
[Result "0-1"]
[WhiteElo "2548"]
[BlackElo "2132"]
[TimeControl "180+1"]
[EndTime "14:07:39 PDT"]
[Termination "crushernt won on time"]

1. d4 d5 2. c4 e6 3. Nf3 Nf6 4.
g3 Be7 5. Bg2 O-O 6. O-O dxc4 7.
Ne5 Nd5 8. Nxc4 b5 9. Ne5 Bb7 10. Qb3 a6 11. Rd1 Nd7 12. Nxd7 Qxd7 13. Nd2 Rfd8 14.
Ne4 h6 15. Bd2 f5 16. Nc5 Bxc5 17. dxc5 Qe7 18. Rac1 Bc6 19. e4 Nf6 20. e5 Nd5 21. f4 a5 22. h3 a4 23. Qa3 Rab8 24. Be1 b4 25. Qf3 b3 26. a3 Rb5 27. Bf2 Kh7 28.
g4 g6 29. Qg3 Rg8 30. Kh2 Qd7 31. Rd2 Qe7 32. Rcd1 Rg7 33. Bxd5 Bxd5 34. Rxd5 exd5 35. Rxd5 Qe6 36. Qd3 Rf7 37. Rd8 Rb7 38. Be1 c6 39. Bc3 Rbd7 40. Rxd7 Rxd7 41. gxf5 Qxf5 42. Qxf5 gxf5 43.
Kg1 Re7 44. Kf2 Kg6 0-1

[Event "Late-Titled-Tuesday-Blitz-April-23-2024"]
[Site "Chess.com"]
[Date "2024.04.23"]
[Round "1"]
[White "pifion"]
[Black "chesslh93"]
[Result "1-0"]
[WhiteElo "2677"]
[BlackElo "2364"]
[TimeControl "180+1"]
[EndTime "14:07:40 PDT"]
[Termination "pifion won on time"]

1. d4 d5 2. Nf3 Nf6 3. c4 e6 4.
g3 Be7 5. Bg2 O-O 6. O-O dxc4 7.
Qc2 a6 8. a4 Bd7 9. Qxc4 Bc6 10.
Bg5 Bd5 11. Qd3 Be4 12. Qe3 Bxf3 13. Bxf3 c6 14. Nc3 a5 15. Rfd1 Na6 16. Qd2 Nb4 17.
e4 Nd7 18. Be3 h6 19. Be2 Bg5 20. f4 Be7 21. Bc4 Nf6 22. Qe2 Qc7 23. Rd2 Rad8 24. Rad1 Rd7 25. g4 Nh7 26. Qf2 Re8 27. h4 Qd8 28. g5 h5 29. f5 Bd6 30. g6 fxg6 31.
fxe6 Rde7 32. d5 Nf6 33. Bg5 Ng4 34. Qe2 Rf8 35. Rf1 Bc5+ 36. Kg2 Qd6 37. Rxf8+ Kxf8 38. dxc6 Qh2+ 39. Kf3 Nxc6 40. Qxh2 Nxh2+ 41. Rxh2 Ne5+ 42. Ke2 Nxc4 43. Bxe7+ Kxe7 44. Rg2 Kxe6 45. Rxg6+ Kf7 46. Rg5 Be7 47. Rxh5 Nxb2 48. Rb5 Nc4 49. Rxb7 Nd6 50.
Ra7 Ke6 51. Rxa5 Bxh4 52. Kd3 Be7 53. Nd5 Bd8 54. Ra6 Bh4 55. Nf4+ Kd7 56. e5 Nb7 57.
Kc4 Kc7 58. Ne6+ 1-0

[Event "Late-Titled-Tuesday-Blitz-April-23-2024"]
[Site "Chess.com"]
[Date "2024.04.23"]
[Round "1"]
[White "AungTZ"]
[Black "Artem_Koval"]
[Result "1-0"]
[WhiteElo "2030"]
[BlackElo "2544"]
[TimeControl "180+1"]
[EndTime "14:07:40 PDT"]
[Termination "AungTZ won by checkmate"]

1. e4 Nc6 2. Nf3 d5 3. exd5 Qxd5 4. Nc3 Qh5 5. Be2 Bg4 6. O-O O-O-O 7. h3 Bxf3 8. Bxf3 Qg6 9. d3 e5 10. Re1 f6 11. Be4 Qe8 12. Nb5 Kb8 13. Be3 a6 14.
Nc3 Nge7 15. b4 Nxb4 16. Rb1 Nbd5 17. Nxd5 Nxd5 18. c4 Nb4 19. a3 Nc6 20. Qf3 Rd6 21. c5 Re6 22. Bd5 Ka8 23. Bxe6 Qxe6 24. d4 e4 25. Qd1 Qd5 26. Qb3 Qxb3 27. Rxb3 Ne7 28. Reb1 Kb8 29. Rxb7+ Kc8 30. d5 Nxd5 31. c6 Kd8 32.
Rd1 Ke7 33. Rxd5 Ke6 34. Rd8 g6 35. Rbb8 Kf7 36. Bc5 Bxc5 37. Rxh8 f5 38. Rxh7+ Ke6 39. Rd8 f4 40. Rxc7 e3 41. fxe3 fxe3 42. Kf1 Bb6 43. Re8+ Kf5 44. Rd7 Kf4 45. Ke2 g5 46. Rf7+ Kg3 47. Rg8 g4 48. Rxg4+ Kh2 49. h4 a5 50. h5 a4 51. h6 Kg1 52. h7 Bd4 53. Rxd4 Kxg2 54. Rg4+ Kh3 55. h8=Q+ Kxg4 56. Qg8+ Kh3 57.
Rh7# 1-0

[Event "Late-Titled-Tuesday-Blitz-April-23-2024"]
[Site "Chess.com"]
[Date "2024.04.23"]
[Round "1"]
[White "rynos0411"]
[Black "BogdanDeac"]
[Result "0-1"]
[WhiteElo "2530"]
[BlackElo "3050"]
[TimeControl "180+1"]
[EndTime "14:07:42 PDT"]
[Termination "BogdanDeac won by resignation"]

1. e4 c5 2. Nf3 e6 3. d4 cxd4 4. Nxd4 a6 5. Nc3 Qc7 6. g3 b5 7. Bg2 Bb7 8. O-O Nc6 9. a3 Nxd4 10. Qxd4 Qc5 11. Be3 Qxd4 12. Bxd4 Ne7 13. Bc5 Rc8 14. Bb4 Nc6 15. Bxf8 Rxf8 16. Rad1 Ne5 17. Rd4 Nc4 18. Nd1 Ke7 19. f4 f6 20. Bh3 Rfd8 21. Re1 Rc5 22.
Bg2 Rdc8 23. c3 a5 24. Re2 e5 25. Rd3 Ba6 26. Rd5 Rxd5 27. exd5 d6 28. Nf2 Nb6 29.
Rd2 b4 30. axb4 axb4 31. Nd1 Nc4 32. Rf2 bxc3 33. Nxc3 Nxb2 34. Rxb2 Rxc3 35. fxe5 fxe5 36. Ra2 Bc8 37. Ra7+ Kf6 38. Be4 Rc1+ 39. Kg2 h5 40. h3 Rc4 41. Bf3 e4 42. Bxh5 g6 43. Be2 Rc2 44.
Kf2 Bxh3 45. Ra6 Ke5 46. Ke3 Rc3+ 47. Kf2 Kxd5 48. Ra5+ Kd4 49. Rg5 Rc2 50. Rxg6 d5 51. Ra6 Bg4 52. Ra4+ Ke5 0-1

[Event "Late-Titled-Tuesday-Blitz-April-23-2024"]
[Site "Chess.com"]
[Date "2024.04.23"]
[Round "1"]
[White "wild3000"]
[Black "biostatistician"]
[Result "0-1"]
[WhiteElo "2434"]
[BlackElo "2740"]
[TimeControl "180+1"]
[EndTime "14:07:42 PDT"]
[Termination "biostatistician won by resignation"]

1. e4 e5 2. Nc3 Nf6 3. g3 Nc6 4. Bg2 Bc5 5. d3 d6 6. Nf3 h6 7. Na4 Bb4+ 8. c3 Ba5 9. b4 Bb6 10.
O-O Bg4 11. h3 Bh5 12. a3 O-O 13. g4 Bg6 14. c4 Bd4 15. Rb1 a6 16. Qc2 Ba7 17. Nc3 Nd7 18. Nd5 Nd4 19. Nxd4 Bxd4 20. Be3 Bxe3 21. Nxe3 Qg5 22. Qc1 Rfd8 23. Nd5 c6 24. Qxg5 hxg5 25. Ne3 Nf8 26. Nf5 Ne6 27. Rfd1 f6 28. a4 Bxf5 29. exf5 Nd4 30. b5 axb5 31. axb5 Ne2+ 32. Kf1 Nc3 33. bxc6 bxc6 34. Bxc6 Ra2 35. Bd5+ Kh7 36. Rdc1 Nxb1 37. Rxb1 Rd2 38.
Rb3 Rd7 39. Ke1 Rc2 40. Rb8 g6 41. fxg6+ Kxg6 42. Be4+ Kg7 43. Kd1 Rxf2 44. Bf5 Ra7 45. Ke1 Rh2 46. d4 Ra1+ 47. Rb1 Rxb1+ 48. Bxb1 Rh1+ 0-1

[Event "Late-Titled-Tuesday-Blitz-April-23-2024"]
[Site "Chess.com"]
[Date "2024.04.23"]
[Round "1"]
[White "LUISMIGUELOV"]
[Black "MKlose11"]
[Result "0-1"]
[WhiteElo "2204"]
[BlackElo "2600"]
[TimeControl "180+1"]
[EndTime "14:07:42 PDT"]
[Termination "MKlose11 won by resignation"]

1. d4 Nf6 2. c3 g6 3. Bg5 Bg7 4. Nd2 c5 5. e3 b6 6. Bd3 O-O 7.
Qe2 Bb7 8. Ngf3 d5 9. O-O Ne4 10. h4 Nd7 11. h5 b5 12. hxg6 hxg6 13. dxc5 a6 14. Bxe4 dxe4 15. Nd4 Nxc5 16. a4 Nxa4 17. N2b3 Re8 18. Na5 Qd5 19. Nxb7 Qxg5 20. Na5 Nc5 21.
b4 Nd3 22. f4 Qd5 23. Nac6 Bf6 24. f5 Rec8 25. fxg6 Rxc6 26. gxf7+ Kf8 27. Nxc6 Qxc6 28. Qh5 Ne5 29. Rf5 Nxf7 30. Raf1 Qxc3 31. Rxf6 exf6 32. Qd5 Qxe3+ 33. Kh1 Rd8 34. Qe6 Qh6+ 35. Kg1 Kg7 36.
Qxe4 Rh8 37. Qg4+ Qg5 38. Qd7 Qe3+ 39. Rf2 Qe1+ 40. Rf1 Rh1+ 41. Kxh1 Qxf1+ 42. Kh2 Qf4+ 43. Kh1 Qxb4 44. Qb7 a5 45. Qc6 a4 46. Qf3 Qb1+ 47.
Kh2 b4 48. Qg3+ Ng5 49. Qc7+ Kg6 50. Qc4 Qb3 51. Qd4 a3 52. Qd3+ Qxd3 0-1

[Event "Late-Titled-Tuesday-Blitz-April-23-2024"]
[Site "Chess.com"]
[Date "2024.04.23"]
[Round "1"]
[White "Brahianzevich"]
[Black "Byniolus"]
[Result "0-1"]
[WhiteElo "2457"]
[BlackElo "2800"]
[TimeControl "180+1"]
[EndTime "14:07:43 PDT"]
[Termination "Byniolus won by checkmate"]

1. e4 d6 2. d4 Nf6 3. Nd2 e5 4.
dxe5 dxe5 5. Ngf3 Nbd7 6. Bc4 Be7 7. O-O O-O 8. Re1 h6 9. Nf1 c6 10. a4 Qc7 11. Ng3 Nc5 12. Nh4 Bg4 13. f3 Be6 14. Qe2 Rfd8 15. Nhf5 Bf8 16. Be3 a5 17. b3 h5 18. Bg5 Bxc4 19. Qxc4 Ncd7 20. Red1 g6 21.
Nh6+ Bxh6 22. Bxh6 Qb6+ 23. Kh1 Qc5 24. Qe2 Nf8 25. Bg5 Kg7 26. Nf1 Ne6 27. Bh4 Nd4 28. Qf2 Qxc2 29. Bxf6+ Kxf6 30. Qh4+ Kg7 31. Qe7 Re8 32.
Qxb7 Qxb3 33. Rab1 Qxb7 34. Rxb7 Reb8 35. Rdb1 Rxb7 36.
Rxb7 Rd8 37. Ne3 Nc2 38. Nf1 Rd1 39. Kg1 Ne3 40. Kf2 Nxf1 41. Ra7 Ra1 42. Rxa5 Nd2 43. Rxe5 Rxa4 44. Re7 Nc4 45. Rc7 Ra2+ 46. Kg3 Ne3 47.
Rxc6 g5 48. h4 Rxg2+ 49. Kh3 g4+ 50. fxg4 hxg4# 0-1

[Event "Late-Titled-Tuesday-Blitz-April-23-2024"]
[Site "Chess.com"]
[Date "2024.04.23"]
[Round "1"]
[White "Jooonaaas1996"]
[Black "enriquetejedor"]
[Result "0-1"]
[WhiteElo "2416"]
[BlackElo "2728"]
[TimeControl "180+1"]
[EndTime "14:07:47 PDT"]
[Termination "enriquetejedor won by resignation"]

1. e4 d6 2. d4 e5 3. dxe5 dxe5 4. Qxd8+ Kxd8 5. Bc4 Be6 6. Bxe6 fxe6 7. Be3 Nf6 8.
f3 Nbd7 9. Nd2 Bd6 10. Ne2 Ke7 11. a4 a5 12. Nc4 h6 13. h4 Ra6 14. Nc1 Rha8 15.
Nd3 Rc6 16. b3 b6 17. Ke2 Rf8 18. g4 Rf7 19. Rag1 h5 20. g5 Ng8 21. g6 Rf8 22.
Bg5+ Ke8 23. Be3 Ne7 24. Rg2 Rf6 25. Rhg1 Rxc4 26. bxc4 Nc6 27. Rg5 Nf8 28. Rxh5 Nxg6 29. Rhg5 Nxh4 30. Rxg7 Nxf3 31. Rg8+ Kd7 32. R1g7+ Ne7 33.
c5 bxc5 34. Nxc5+ Kc6 35. Nd3 Nxg8 36. Rxg8 Nh2 37. Rg2 Nf1 38. Bf2 Rf8 39. Kxf1 Rb8 40. Ke2 Rb1 41. Kd2 Ra1 42. Rg1 Rxa4 43. Re1 Rc4 44.
c3 Ra4 45. Rb1 Ra2+ 46. Rb2 Ra1 47. Bg3 Rh1 48. Bxe5 Rg1 49. Bxd6 cxd6 50. Ra2 Rg2+ 51. Ke3 Rxa2 0-1

[Event "Late-Titled-Tuesday-Blitz-April-23-2024"]
[Site "Chess.com"]
[Date "2024.04.23"]
[Round "1"]
[White "Skatchkov_V"]
[Black "egnfanclub"]
[Result "1-0"]
[WhiteElo "2664"]
[BlackElo "2359"]
[TimeControl "180+1"]
[EndTime "14:07:47 PDT"]
[Termination "Skatchkov_V won by resignation"]

1. d4 d5 2. c4 c6 3. Nf3 Nf6 4. Nc3 e6 5. g3 Nbd7 6. Bg2 dxc4 7. O-O Bd6 8. Nd2 e5 9. Nxc4 Bc7 10. dxe5 Nxe5 11. Qxd8+ Kxd8 12. Rd1+ Ke7 13. Bf4 Nfd7 14. Rxd7+ Bxd7 15. Nxe5 Bxe5 16. Bxe5 f6 17. Bf4 Be6 18. Ne4 Rad8 19. Nc5 Bc8 20. h4 Kf7 21. Bc7 Rd2 22. Ne4 Rxb2 23. a4 Rxe2 24. a5 Kg6 25. h5+ Kf7 26.
Rd1 Bg4 27. Nd6+ Ke6 28. Nxb7 Bxh5 29. Bf1 Rc2 30. Rd6+ Ke7 31. Bd8+ Kf7 32. Rd7+ Ke6 33. Re7+ Kd5 34. Rd7+ Ke6 35. Rd6+ Kf7 36. Bd3 Rc1+ 37.
Kg2 Rd1 38. Rd7+ Ke8 39. Re7+ Kf8 40. Re3 Bg6 41. Be2 Rd7 42. a6 Bf7 43. Ba5 Bd5+ 44. Kh2 Kf7 45. Bb4 Re8 46. Nd6+ Rxd6 47. Rxe8 Kxe8 48. Bxd6 Kd7 49. Bc5 Bc4 50. Bxc4 1-0

[Event "Late-Titled-Tuesday-Blitz-April-23-2024"]
[Site "Chess.com"]
[Date "2024.04.23"]
[Round "1"]
[White "Nimrod_Veinberg"]
[Black "super_emi_26"]
[Result "1-0"]
[WhiteElo "2817"]
[BlackElo "2414"]
[TimeControl "180+1"]
[EndTime "14:07:48 PDT"]
[Termination "Nimrod_Veinberg won by resignation"]

1. e4 e5 2. Nf3 Nc6 3. Bb5 Nf6 4. O-O Nxe4 5. Re1 Nd6 6. Ba4 Be7 7. d4 exd4 8. c3 d3 9. Qxd3 O-O 10. Bc2 g6 11. Bh6 Re8 12. Nbd2 Nf5 13. Bf4 d5 14. Nf1 Ng7 15. Ng3 Bg4 16. h3 Bxf3 17. Qxf3 Bd6 18. Bh6 Rxe1+ 19. Rxe1 Bf8 20. Bb3 Ne7 21. Bg5 Qd7 22.
Bxe7 Bxe7 23. Bxd5 Bd6 24. Bxb7 Re8 25. Rd1 Qe7 26. Ne4 Nf5 27. Bc6 Rb8 28. Nxd6 Nxd6 29. b3 Kg7 30. c4 Rd8 31. g3 Nf5 32. Qc3+ Kg8 33. Rxd8+ Qxd8 34. Bd5 Qd6 35. Qf3 Kg7 36.
g4 Nh6 37. Kg2 a5 38. Qc3+ Kf8 39. Qxa5 Ng8 40. Qa8+ Kg7 41. Qe8 Qf6 42. Qe3 h6 43.
a4 Ne7 44. Bf3 g5 45. Be4 Qe5 46. b4 h5 47. a5 hxg4 48. hxg4 f6 49. a6 Nc8 50. Bb7 Qxe3 51. fxe3 Na7 52. Kf3 Kf7 53.
Ke4 Ke6 54. Bd5+ Kd6 55. c5+ Ke7 56. Kf5 c6 57. Bxc6 Nxc6 58. b5 Nb4 59. a7 Nd5 60. a8=Q Nxe3+ 61. Kg6 1-0

[Event "Late-Titled-Tuesday-Blitz-April-23-2024"]
[Site "Chess.com"]
[Date "2024.04.23"]
[Round "1"]
[White "ansko1999"]
[Black "KebabJangles"]
[Result "1-0"]
[WhiteElo "2603"]
[BlackElo "2219"]
[TimeControl "180+1"]
[EndTime "14:07:49 PDT"]
[Termination "ansko1999 won by checkmate"]

1. c4 Nf6 2. Nc3 g6 3. d4 Bg7 4.
Bg5 d6 5. e3 O-O 6. Be2 Bh6 7.
Bxh6 Re8 8. Bg5 Nbd7 9. Bxf6 exf6 10. Nf3 f5 11. O-O Nf6 12. Rc1 c6 13. b4 a5 14. b5 c5 15. dxc5 dxc5 16. Qxd8 Rxd8 17. Rfd1 Be6 18. Ng5 b6 19. Nxe6 fxe6 20. Bf3 Rab8 21. Na4 Nd7 22. Rd6 Kf7 23. Rcd1 Ke7 24. Bc6 Ne5 25.
Rxd8 Rxd8 26. Rxd8 Kxd8 27. Nxb6 Kc7 28. Na4 Nxc4 29. Nxc5 Kd6 30. Nd3 e5 31. e4 f4 32.
Kf1 Nb6 33. Ke2 Nc4 34. Kd1 Nb6 35. Kc2 Nc8 36. Kc3 Nb6 37. a3 g5 38. h3 h5 39.
Nb2 Kc5 40. Nd3+ Kd6 41. f3 h4 42. Nc1 Na4+ 43. Kc2 Nb6 44. Nb3 Nc4 45. a4 Ne3+ 46. Kd3 Nxg2 47. Nxa5 g4 48. fxg4 f3 49. Nc4+ Kc5 50.
Nxe5 f2 51. Ke2 Nf4+ 52. Kxf2 Nxh3+ 53. Ke3 Ng5 54. Nf3 Ne6 55. Nxh4 Kb4 56. b6 Nc5 57. b7 Nxb7 58. Bxb7 Kxa4 59. Kd4 Kb4 60. Kd5 Kc3 61. Nf5 Kd3 62. Nd6 Ke3 63. Nc8 Kf4 64. Kc6 Kxg4 65.
Kc7 Kf4 66. e5 Kxe5 67. Bc6 Kd4 68. Kd6 Kc4 69. Ne7 Kd4 70. Bd5 Kd3 71. Ke5 Ke3 72. Be4 Kd2 73. Nd5 Ke2 74. Kd4 Kd2 75. Bf3 Kc1 76.
Kc3 Kb1 77. Nb4 Ka1 78. Bd5 Kb1 79. Nc2 Kc1 80. Ba2 Kd1 81. Nd4 Kc1 82. Ne2+ Kd1 83. Kd3 Ke1 84. Ke3 Kd1 85. Bb3+ Ke1 86. Nf4 Kf1 87.
Bc2 Ke1 88. Ng2+ Kf1 89. Kf3 Kg1 90. Kg3 Kf1 91. Bd3+ Kg1 92. Bc4 Kh1 93. Nf4 Kg1 94. Nh3+ Kh1 95. Bd5# 1-0

[Event "Late-Titled-Tuesday-Blitz-April-23-2024"]
[Site "Chess.com"]
[Date "2024.04.23"]
[Round "1"]
[White "NMJeevanK"]
[Black "Nechitaylo_Nikita"]
[Result "1-0"]
[WhiteElo "2660"]
[BlackElo "2348"]
[TimeControl "180+1"]
[EndTime "14:07:50 PDT"]
[Termination "NMJeevanK won on time"]

1. e4 c5 2. Nc3 d6 3. f4 Nc6 4.
Nf3 g6 5. Bb5 Bg7 6. O-O e6 7.
d3 Ne7 8. Qe1 O-O 9. Be3 Nd4 10.
Bxd4 cxd4 11. Ne2 f5 12. Kh1 Qb6 13. Bc4 fxe4 14. dxe4 d5 15. exd5 exd5 16. Bb3 a5 17. Nexd4 Qd6 18. Nb5 Qc5 19. a4 Rxf4 20. Rd1 Bg4 21.
Rd3 Kh8 22. Re3 Nf5 23. Re8+ Rxe8 24. Qxe8+ Qf8 25. Qxf8+ Bxf8 26. Nc3 Bxf3 27. gxf3 Ne3 28. Nxd5 Nxd5 29. Bxd5 Rxa4 30. b3 Rb4 31. Re1 Kg7 32. Ra1 b6 33. Rd1 Bc5 34. Be4 a4 35. Rd7+ Kf6 36.
bxa4 Rxa4 37. Rxh7 g5 38. Kg2 Ra2 39. Rh6+ Ke5 40. Kh3 Be3 41. Kg4 Rb2 42. Rh8 Rb1 43.
Kh5 Rh1 44. Kg6 Rg1 45. Re8+ Kd4 46. Re6 b5 47. Rf6 b4 48. Rf5 Kc3 49. Rb5 Bd2 50.
Kf5 Be3 51. Rd5 Kb2 52. Rd3 Bf2 53. Rb3+ Kc1 54. Rxb4 Be3 55. c3 Bf4 56. Rb1+ Kd2 57. Rxg1 Bxh2 58. Rg2+ 1-0

[Event "Late-Titled-Tuesday-Blitz-April-23-2024"]
[Site "Chess.com"]
[Date "2024.04.23"]
[Round "1"]
[White "chedimir"]
[Black "Fins0905"]
[Result "0-1"]
[WhiteElo "2445"]
[BlackElo "2786"]
[TimeControl "180+1"]
[EndTime "14:07:52 PDT"]
[Termination "Fins0905 won on time"]

1. e4 d5 2. exd5 Qxd5 3. Nc3 Qa5 4. d4 Nf6 5. Nf3 Bf5 6. Bc4 e6 7. Bd2 Bb4 8. a3 Bxc3 9. Bxc3 Qb6 10. d5 Nbd7 11. dxe6 Bxe6 12. Qe2 O-O 13. Bxe6 Rae8 14. O-O Rxe6 15. Qc4 Ne4 16. Nd4 Rg6 17. Nf5 Re8 18.
Rae1 Qe6 19. Qxe6 Rexe6 20. Bxg7 Rxg7 21. Nxg7 Kxg7 22. f3 Nd6 23. Rxe6 fxe6 24. Kf2 Kf6 25. Rd1 a5 26. g4 e5 27. b3 a4 28. b4 Nb6 29.
Kg3 Nbc4 30. h4 Nxa3 31. Ra1 Ndc4 32. c3 Ke6 33. f4 exf4+ 34. Kxf4 b5 35. g5 Nc2 36.
Ra2 N2e3 37. Re2 a3 38. h5 Kf7 39. Ke4 c6 40. Kd4 Nd5 41. Rf2+ Kg7 42. Kc5 Nxc3 43. Kxc6 a2 44. Rxa2 Nxa2 45. Kxb5 Nxb4 46. Kxc4 Nc6 47. Kd5 Ne7+ 48. Ke6 Nc6 49. g6 h6 0-1

[Event "Late-Titled-Tuesday-Blitz-April-23-2024"]
[Site "Chess.com"]
[Date "2024.04.23"]
[Round "1"]
[White "Mikhail_Golubev"]
[Black "enriquebutti"]
[Result "1-0"]
[WhiteElo "2583"]
[BlackElo "2166"]
[TimeControl "180+1"]
[EndTime "14:07:53 PDT"]
[Termination "Mikhail_Golubev won by checkmate"]

1. e4 c5 2. Nf3 d6 3. d4 cxd4 4. Nxd4 Nf6 5. Nc3 a6 6. Bc4 e6 7. Bb3 Be7 8. f4 O-O 9. Qf3 Nc6 10. Be3 Nxd4 11. Bxd4 Qa5 12. O-O e5 13. Be3 Bd7 14.
f5 Bc6 15. Bg5 Rfe8 16. Bxf6 Bxf6 17. Rad1 Rad8 18. Qh5 Re7 19. Kh1 Qc5 20. Nd5 Bxd5 21.
Rxd5 Qe3 22. Qg4 Qg5 23. Qe2 Rc7 24. Rfd1 Be7 25. g3 h5 26. R5d3 h4 27. gxh4 Qxh4 28. Rg1 Bf6 29. Qg2 Qh6 30. Rh3 Qf4 31. Rf1 Qg5 32.
Qe2 Rc5 33. Rg1 Qf4 34. Rf1 Qg5 35. Rg3 Qh4 36. Rg4 Qh6 37. Rd1 Rc7 38. c3 Bg5 39.
Rdg1 Bf6 40. Qf3 Rcd7 41. R4g3 Kf8 42. Rh3 Qd2 43. Rhg3 Qxb2 44. Qh5 Rc8 45. Rd3 Rxc3 46. Rxd6 Rdc7 47. Rd5 Rc1 48. Rdd1 Rxd1 49. Rxd1 Rc1 50. Qh8+ Ke7 51. Qd8# 1-0

[Event "Late-Titled-Tuesday-Blitz-April-23-2024"]
[Site "Chess.com"]
[Date "2024.04.23"]
[Round "1"]
[White "DominguezOnYoutube"]
[Black "Slovak_fighter2000"]
[Result "1/2-1/2"]
[WhiteElo "2957"]
[BlackElo "2529"]
[TimeControl "180+1"]
[EndTime "14:07:54 PDT"]
[Termination "Game drawn - insufficient material"]

1. e4 e6 2. d4 d5 3. Nc3 Nf6 4. e5 Nfd7 5. f4 c5 6. Nf3 Nc6 7. Be3 Be7 8. Qd2 O-O 9. Be2 b6 10. Nd1 f5 11. c3 a5 12. O-O Ba6 13. Bxa6 Rxa6 14. c4 cxd4 15. Nxd4 Nxd4 16. cxd5 exd5 17. Bxd4 Nc5 18. Ne3 Ne4 19. Qd3 Ra8 20. Rac1 Rb8 21. Rc6 Bc5 22. b3 Qd7 23. Bxc5 Qxc6 24. Bxf8 Rxf8 25.
Qxd5+ Qxd5 26. Nxd5 Rd8 27. Ne7+ Kf7 28. Nxf5 Rd2 29. Re1 Nc5 30. Nd6+ Ke7 31. a4 Nxb3 32. Rb1 Nd4 33. Kf1 Ne2 34. g3 Nc3 35. Rxb6 Rxh2 36.
f5 Kd7 37. e6+ Kc7 38. e7 Re2 39. e8=Q Rxe8 40. Nxe8+ Kxb6 41. Nxg7 Nxa4 42. Ne6 Nc5 43. Nd4 Nd7 44. Ke2 a4 45. Kd3 Kc5 46. Ne6+ Kd5 47.
Ng5 Ke5 48. Nxh7 Kxf5 49. Kc3 Kg4 50. Kb4 Kxg3 51. Kxa4 1/2-1/2

[Event "Late-Titled-Tuesday-Blitz-April-23-2024"]
[Site "Chess.com"]
[Date "2024.04.23"]
[Round "1"]
[White "sergiochess83"]
[Black "ACollins05"]
[Result "0-1"]
[WhiteElo "2946"]
[BlackElo "2533"]
[TimeControl "180+1"]
[EndTime "14:07:54 PDT"]
[Termination "ACollins05 won by resignation"]

1. d4 b5 2. e4 a6 3. Bd3 Bb7 4. Nf3 e6 5. O-O c5 6. c3 Nf6 7. Re1 Be7 8. e5 Nd5 9. dxc5 Bxc5 10. Nbd2 h6 11. Ne4 Be7 12. Ng3 g6 13. Be4 d6 14.
Qc2 Nc6 15. Bxd5 exd5 16. Bf4 dxe5 17. Nxe5 Nxe5 18. Bxe5 O-O 19. Re2 Bf6 20. Qd2 Kg7 21. Rae1 Bxe5 22. Rxe5 d4 23. cxd4 Qd6 24. Re7 Qd5 25. f3 Rad8 26. R1e5 Qc6 27. Ne4 Rfe8 28. Rxe8 Rxe8 29. Rxe8 Qxe8 30. Nd6 Qc6 31. Nxb7 Qxb7 32. d5 Qb6+ 33. Kf1 Qd6 34. Qd4+ Qf6 35. Qd2 Qd6 36. h3 Kf6 37. Qxh6 Qxd5 38. Qf4+ Kg7 39. a3 Qd1+ 40. Kf2 Qc2+ 41. Kg3 Qxb2 42. Qd6 Qf6 43. Qc7 Qb2 44. Qd6 a5 45. h4 b4 46. axb4 axb4 47.
h5 gxh5 48. Qc5 Kg6 49. Qc6+ Kh7 50. Qe4+ Kg7 51. Qd5 b3 52. Qg5+ Kh7 53. Qxh5+ Kg8 54. Kh2 Qh8 0-1

[Event "Late-Titled-Tuesday-Blitz-April-23-2024"]
[Site "Chess.com"]
[Date "2024.04.23"]
[Round "1"]
[White "CombativeWombat"]
[Black "Hsper248"]
[Result "1-0"]
[WhiteElo "2348"]
[BlackElo "2626"]
[TimeControl "180+1"]
[EndTime "14:07:56 PDT"]
[Termination "CombativeWombat won by checkmate"]

1. e4 c5 2. Nf3 Nc6 3. Nc3 e6 4. d4 cxd4 5. Nxd4 Qc7 6. Be2 Nf6 7. O-O Be7 8. Be3 d6 9. f4 Bd7 10. Kh1 O-O 11. Qe1 Nxd4 12. Bxd4 Bc6 13. Qg3 Rad8 14. Rae1 a6 15. Bd3 g6 16. e5 Nh5 17. Qe3 dxe5 18. Bb6 exf4 19. Bxc7 fxe3 20. Bxd8 Rxd8 21. Rxe3 Bc5 22.
Ree1 Bd4 23. Be4 Bxc3 24. bxc3 Rc8 25. Rf3 Kg7 26. Kg1 f5 27. Bxc6 Rxc6 28. Rb1 b5 29. a4 bxa4 30. Rb4 a3 31. Ra4 Nf6 32. Rxa3 Ne4 33.
Rd3 Kf6 34. Rd7 h5 35. Ra7 Nc5 36. h4 Ke5 37. Rg7 Kf6 38. Ra7 f4 39. Kf2 e5 40.
Kf3 Kf5 41. Rf7+ Ke6 42. Rg7 Kf6 43. Rg8 Ne6 44. Ra8 Kf5 45. R8xa6 e4+ 46. Kf2 e3+ 47. Kf3 Rc5 48. R3a5 g5 49. Rxc5+ Nxc5 50. Ra5 g4+ 51. Ke2 Ke4 52. Rxc5 f3+ 53. gxf3+ gxf3+ 54. Ke1 Kf4 55. Rxh5 Kg3 56. Rg5+ Kxh4 57. Rg8 Kh3 58. c4 Kh2 59. c5 e2 60. c6 f2+ 61. Kxf2 Kh3 62.
Kxe2 Kh4 63. c7 Kh5 64. c8=Q Kh6 65. Qd7 Kh5 66. Qh7# 1-0